 Dungeon Crawl Stone Soup version 0.20.1-1-g8b1a95d (webtiles) character file.

16 tidbits the Insei (level 2, 0/23 HPs)
             Began as a Demigod Transmuter on Aug 11, 2017.
             Slain by a gnoll (7 damage)
             ... on level 1 of the Dungeon.
             The game lasted 00:01:53 (212 turns).

tidbits the Insei (Demigod Transmuter)               Turns: 212, Time: 00:01:54

Health: 0/23       AC:  2    Str: 13    XL:     2   Next: 24%
Magic:  5/7        EV: 18    Int: 17    God:
Gold:   28         SH:  0    Dex: 21    Spells: 1/4 levels left

rFire    . . .     SeeInvis .     - Unarmed
rCold    . . .     Gourm    .   (no shield)
rNeg     . . .     Faith    .   b - +0 robe
rPois    .         Spirit   .   (no helmet)
rElec    .         Reflect  .   (no cloak)
rCorr    .         Harm     .   (no gloves)
MR       .....                  (no boots)
Stlth    +++.......             (no amulet)
Regen    0.1/turn               (no ring)
MPRegen  0.1/turn               (no ring)

@: agile, appendage (expiring)
A: horns 2, high mp 1
a: End Transformation


You were on level 1 of the Dungeon.
You were not hungry.
You had grown temporary horns.
You visited 1 branch of the dungeon, and saw 2 of its levels.

You collected 28 gold pieces.

Inventory:

Missiles
 a - 37 arrows
 e - 17 stones (quivered)
Armour
 b - a +0 robe (worn)
Potions
 h - a potion of might {unknown}
 j - a potion of curing {unknown}
Books
 c - a book of Changes

   Spells                             Type                      Level
   a - Beastly Appendage              Transmutation                1
   b - Sticks to Snakes               Transmutation                2
   c - Spider Form                    Transmutation/Poison         3
   d - Ice Form                       Ice/Transmutation            4
   e - Blade Hands                    Transmutation                5
Comestibles
 d - 2 bread rations
 i - a royal jelly


   Skills:
 - Level 1.1 Fighting
 - Level 1.7 Dodging
 + Level 3.3 Unarmed Combat
 - Level 1.7 Spellcasting
 - Level 1.7 Transmutations


You had one spell level left.
You knew the following spells:

 Your Spells              Type           Power        Failure   Level  Hunger
e - Beastly Appendage     Tmut           #.....       10%         1    #......
k - Sticks to Snakes      Tmut           #.......     14%         2    ###....


Dungeon Overview and Level Annotations

Branches:
Dungeon (2/15)


Innate Abilities, Weirdness & Mutations

You have an increased reservoir of magic. (+10% MP)
You have a pair of horns on your head.


Message History

The ooze hits you.
You hit the ooze. You headbutt the ooze.
You kill the ooze!
You have reached level 2!
Memorise Sticks to Snakes, consuming 2 spell levels and leaving 1?
You start memorising the spell.
You continue memorising. x2
You finish memorising.
Spell assigned to 'k'.
Things that are here:
a dagger; a kobold corpse Your horns disappear.
You open the door.
A kobold comes into view.
The kobold shouts!
There is an open door here.
Casting: Beastly Appendage
Confirm with . or Enter, or press ? or * to list all spells.
You grow a pair of large bovine horns.
You completely miss the kobold. You headbutt the kobold.
The kobold is severely wounded.
The kobold hits you.
You closely miss the kobold.
The kobold is severely wounded.
The kobold hits you.
You hit the kobold but do no damage.
The kobold is severely wounded.
The kobold closely misses you.
You hit the kobold.
You kill the kobold!
Your transformation is almost over.
Found a bubbling emerald potion.
A rat comes into view.
You hit the rat.
You kill the rat!
Found a dagger.
h - a bubbling emerald potion Your horns disappear.
Found a royal jelly.
i - a royal jelly
Found a stone staircase leading down.
Found a golden potion.
j - a golden potion
There is a stone staircase leading down here.
Casting: Beastly Appendage
Confirm with . or Enter, or press ? or * to list all spells.
You grow a pair of large bovine horns.
You climb downwards.
Found a dagger.
Found an escape hatch in the ceiling.
There is a stone staircase leading up here.
There is an escape hatch in the ceiling here.
Your transformation is almost over.
There is an escape hatch in the ceiling here.
Magic restored.
A mysterious force pulls you upwards. The hatch slams shut behind you.
The kobold shouts!
A leopard gecko comes into view.
The leopard gecko hisses angrily.
The leopard gecko moves out of view.
The kobold throws a stone.
The stone barely misses you.
Found a stone, a purple potion, 8 gold pieces and a royal jelly.
The kobold throws a stone.
The stone hits you but does no damage.
Found 8 tomahawks.
You see here a stone.
A kobold and a dart slug come into view.
Casting: Beastly Appendage
Confirm with . or Enter, or press ? or * to list all spells.
You extend your transformation's duration.
The kobold shouts!
The kobold throws a stone.
The stone barely misses you.
The leopard gecko hisses menacingly.
The leopard gecko bites you.
You see here a stone.
The leopard gecko bites you.
A gnoll comes into view.
The leopard gecko bites you but does no damage.
As you read the scroll labeled HYUSIGUBRI, it crumbles to dust.
It is a scroll of identify.
g - a potion of agility Your transformation is almost over.
The leopard gecko barely misses you.
You feel agile all of a sudden.
The leopard gecko bites you but does no damage.
Casting: Beastly Appendage
Confirm with . or Enter, or press ? or * to list all spells.
You create a snake!
You now have 37 arrows.
The leopard gecko misses you. The gnoll hits you.
Your ball python closely misses the leopard gecko.
Your ball python barely misses the leopard gecko.
Unknown command.
You barely miss the gnoll. The leopard gecko barely misses you.
The gnoll hits you.
* * * LOW HITPOINT WARNING * * *
Your ball python closely misses the leopard gecko.
Your ball python misses the leopard gecko.
The leopard gecko closely misses you.
Unknown command.
You barely miss the gnoll.
Your ball python bites the leopard gecko.
Your ball python misses the leopard gecko.
The gnoll hits you!
You die...

#########..
#....... #.......
#......# #......#
######## #####
###SlK#
#.g@#.########
#...###K.......#
#..#
#.....(..######
#.
#...w#........# #
#....K#(..!...#
....$...(.(.....#
.##.##..#.......#
. #.##.#........#
..............#


You could see a gnoll, a leopard gecko, a kobold and a friendly ball python.

Vanquished Creatures
  An ooze (D:1)
  3 goblins (D:1)
  2 kobolds (D:1)
  A bat (D:1)
  3 frilled lizards (D:1)
  2 rats (D:1)
12 creatures vanquished.

Notes
Turn   | Place    | Note
-------+----------+-------------------------------------------
     0 | D:1      | tidbits the Demigod Transmuter began the quest for the Orb.
     0 | D:1      | Reached XP level 1. HP: 15/15 MP: 5/5
     8 | D:1      | Reached skill level 1 in Fighting
    52 | D:1      | Reached skill level 3 in Unarmed Combat
   108 | D:1      | Reached XP level 2. HP: 14/23 MP: 5/7
   112 | D:1      | Learned a level 2 spell: Sticks to Snakes
   212 | D:1      | Slain by a gnoll

Skill      XL: |  1 |
---------------+----+-----
Fighting       | 1 |  1.1
Unarmed Combat | 3 |  3.3
Dodging        | |  1.7
Spellcasting   | |  1.7
Transmutations | |  1.7

Action                   || total
-------------------------++-------
Melee: Unarmed           ||    29
       Headbutt          ||     2
       Kick              ||     1
       Punch             ||     1
 Cast: Beastly Appendage ||    10
       Sticks to Snakes  ||     1
  Use: Scroll            ||     2
       Potion            ||     1
Armor: Robe              ||     7
Dodge: Dodged            ||    16

Table legend:
 A = Turns spent in this place as a percentage of turns spent in the entire game.
 B = Non-inter-level travel turns spent in this place as a percentage of non-inter-level travel turns spent in the entire game.
 C = Inter-level travel turns spent in this place as a percentage of turns spent in this place.
 D = Turns resting spent in this place as a percentage of non-inter-level travel turns spent in this place.
 E = Turns spent auto-exploring this place as a percentage of non-inter-level travel turns spent in this place.
 F = Non-inter-level travel turns spent in this place divided by the number of levels of this place that you've seen.
                   A       B       C       D       E      F
               +-------+-------+-------+-------+-------+----------------------
         Total | 100.0 | 100.0 |   0.0 |   0.0 |   0.0 | 103.5
       Dungeon | 100.0 | 100.0 |   0.0 |   0.0 |   0.0 | 103.5
               +-------+-------+-------+-------+-------+----------------------

Table legend:
 A = Kills in this place as a percentage of kills in entire the game.
 B = Kills by you in this place as a percentage of kills by you in the entire game.
 C = Kills by friends in this place as a percentage of kills by friends in the entire game.
 D = Other kills in this place as a percentage of other kills in the entire game.
 E = Experience gained in this place as a percentage of experience gained in the entire game.
 F = Experience gained in this place divided by the number of levels of this place that you have seen.
                   A       B       C       D       E      F
               +-------+-------+-------+-------+-------+----------------------
         Total | 100.0 | 100.0 |  -nan |  -nan | 100.0 |  11.5
       Dungeon | 100.0 | 100.0 |  -nan |  -nan | 100.0 |  11.5
               +-------+-------+-------+-------+-------+----------------------

Vault maps used:
D:1:      scummos_arrival_simple_crosswalls,
          hangedman_abyss_or_decor_lesser_grid, minmay_cupped
D:2:      uniq_jessica
